 Dungeon Crawl Stone Soup version 0.24.0-13-gcf9b319 (webtiles) character file.

Game seed: 12688216756367498402, levelgen mode: deterministic

112 Birdy the Ruffian (level 4, 0/38 HPs)
             Began as a Draconian Gladiator on Dec 9, 2019.
             Slain by an orc wizard
             ... wielding a +3 dagger
              (3 damage)
             ... on level 3 of the Dungeon.
             The game lasted 00:04:18 (1652 turns).

Birdy the Ruffian (Draconian Gladiator)             Turns: 1652, Time: 00:04:19

Health: 0/38       AC:  5    Str: 17    XL:     4   Next: 64%
Magic:  4/4        EV: 13    Int:  8    God:
Gold:   82         SH:  0    Dex: 13    Spells: 3/3 levels left

rFire    + . .     SeeInvis .     - Unarmed
rCold    + . .     Gourm    .   (no shield)
rNeg     . . .     Faith    .   (armour unavailable)
rPois    +         Spirit   .   a - +0 hat
rElec    +         Reflect  .   (no cloak)
rCorr    +         Harm     .   (no gloves)
MR       .....                  (no boots)
Stlth    +.........             (no amulet)
HPRegen  0.12/turn              (no ring)
MPRegen  0.09/turn              (no ring)

@: confused, resistant
A: unfitting armour, cold-blooded, AC +5
a: no special abilities


You were on level 3 of the Dungeon.
You were hungry.

You visited 1 branch of the dungeon, and saw 3 of its levels.

You collected 82 gold pieces.

Inventory:

Missiles
 b - 3 throwing nets (quivered)
Armour
 a - a +0 hat (worn)
Wands
 l - a wand of polymorph (8)
Scrolls
 m - 2 scrolls of teleportation
Comestibles
 c - 9 rations


   Skills:
 + Level 3.2 Fighting
 - Level 1.7 Throwing
 + Level 3.3 Dodging
 * Level 4.4 Unarmed Combat


You had 3 spell levels left.
You didn't know any spells.
Your spell library was empty.

Dungeon Overview and Level Annotations

Branches:
Dungeon (3/15)

Altars:
Dithmenos
Kikubaaqudgha
Okawaru
Uskayaw
Zin
The Shining One


Innate Abilities, Weirdness & Mutations

Your plain brown scales are hard. (AC +5)
You cannot fit into any form of body armour.
You are cold-blooded and may be slowed by cold attacks.


Message History

* * * LOW HITPOINT WARNING * * *
You hit something but do no damage. You tail-slap something.
You punch something. The bat hits you but does no damage. Something hits you.
* * * LOW HITPOINT WARNING * * *
You completely miss something. You punch something.
The bat hits you but does no damage.
You hear some strange, mumbled words.
Something tries to affect you, but you resist.
You closely miss something. The bat misses you.
You hear some strange, mumbled words.
You are confused.
You bump into the rock wall.
The bat hits you but does no damage. Something hits you.
* * * LOW HITPOINT WARNING * * *
You closely miss something. The bat completely misses you.
Something barely misses you. The bat hits you but does no damage.
Something hits you.
* * * LOW HITPOINT WARNING * * *
Something hits you.
You die...

.......##...†..###..
............)........
.......##...†...#.#..
$...... ##..#........
..?....###.....(.....
..........(..........
.......†.............
......#...#{.).......
..$.......@b.)..^....
.........###)).......
.#...#.### ####...##.
#...... ....# ###+###
....# .##.. .# <.


You could see a bat.

Vanquished Creatures
  5 adders
  A dart slug (D:1)
  3 leopard geckos (D:2)
  3 orcs (D:3)
  10 bats
  9 goblins
  5 hobgoblins
  6 jackals (D:1)
  3 ball pythons
  3 frilled lizards
  6 kobolds
  8 rats
62 creatures vanquished.

Notes
Turn   | Place    | Note
-------+----------+-------------------------------------------
     0 | D:1      | Birdy the Draconian Gladiator began the quest for the Orb.
     0 | D:1      | Reached XP level 1. HP: 17/17 MP: 1/1
   362 | D:1      | Reached XP level 2. HP: 25/25 MP: 2/2
   470 | D:1      | Found a glowing golden altar of the Shining One.
   568 | D:1      | Reached XP level 3. HP: 30/30 MP: 3/3
   826 | D:2      | Found a shadowy altar of Dithmenos.
   991 | D:2      | Found an ancient bone altar of Kikubaaqudgha.
  1249 | D:2      | Reached skill level 4 in Unarmed Combat
  1325 | D:2      | Reached XP level 4. HP: 29/38 MP: 4/4
  1340 | D:2      | Found a hide-covered altar of Uskayaw.
  1350 | D:2      | Found a glowing silver altar of Zin.
  1366 | D:2      | Found an iron altar of Okawaru.
  1581 | D:3      | Found a faded altar of an unknown god.
  1623 | D:3      | HP: 1/38 [orc/+0 short sword (4)]
  1652 | D:3      | Slain by an orc wizard

Levels and vault maps discovered:
D:1:      mainiacjoe_arrival_reflecting_pool, layout_loops_ring, tso_altar
D:2:      layout_basic, kiku_gazebo_pond_becter,
          minmay_overflow_temple_star_quad, grunt_dithmenos_smoke
D:3:      layout_rooms, chequers_ecumenical_altar_simple,
          chequers_serial_rivers_room_b, cheibrodos_gnoll_hut

Skill      XL: |  1  2  3 |
---------------+----------+-----
Dodging        | 3 |  3.3
Unarmed Combat | 4 |  4.4
Fighting       | 3 |  3.2
Throwing       | |  1.7

Action                   |  1- 3 |  4- 6 || total
-------------------------+-------+-------++-------
Melee: Unarmed           |   140 |    71 ||   211
       Tailslap          |    11 |     9 ||    20
       Punch             |       |     2 ||     2
  Use: Potion            |     2 |     8 ||    10
       Scroll            |       |     6 ||     6
  Eat: Chunk             |     1 |     1 ||     2
Armor: Skin              |    52 |    44 ||    96
Dodge: Dodged            |   125 |    69 ||   194
